NYP
SPOKANE INDIANS @ ABERDEEN IRONBIRDS
05/21/2049
 
TOP OF THE 1ST
Spokane Indians batting - Pitching for Aberdeen Ironbirds : RHP Zhao-jun Zong
Pitching: RHP Zhao-jun Zong
Batting: RHB Rich Thurman 0-0: Ball
1-0: Foul Ball, location: 2F
1-1: Ball
2-1: Ball
3-1: Called Strike
3-2: Base on Balls
Batting: RHB Antonio Morado 0-0: SINGLE (Flyball, 34D, EV 84.4 MPH)
Rich Thurman to second
Batting: RHB Matthew Starr 0-0: Ball
1-0: Called Strike
1-1: Foul Ball, location: 2F
1-2: Ball
2-2: Ball
3-2: Foul Ball, location: 2F
3-2: Strikes out swinging
Batting: RHB Dale Aubrey 0-0: Ball
1-0: Called Strike
1-1: Ball
2-1: Ball
3-1: Base on Balls
Rich Thurman to third
Antonio Morado to second
Batting: LHB Matt Patnaude 0-0: Called Strike
0-1: Ball
1-1: Called Strike
1-2: Ball
2-2: Ball
3-2: Fly out, F7 (Flyball, 7, EV 97.5 MPH)
Batting: RHB Victor Moya 0-0: Called Strike
0-1: Swinging Strike
0-2: Ball
1-2: Foul Ball, location: 2F
1-2: Ball
2-2: Foul Ball, location: 2F
2-2: Strikes out looking
Top of the 1st over - 0 runs, 1 hit, 0 errors, 3 left on base; Spokane 0 - Aberdeen 0
BOTTOM OF THE 1ST
Aberdeen Ironbirds batting - Pitching for Spokane Indians : RHP Brian Ramirez
Pitching: RHP Brian Ramirez
Batting: LHB Chris Cohen 0-0: Ball
1-0: Ball
2-0: Called Strike
2-1: Swinging Strike
2-2: Ball
3-2: Strikes out swinging
Batting: LHB Xue-liang Zhou 0-0: Ball
1-0: Ground out 4-3 (Groundball, 4, EV 96.9 MPH)
Batting: RHB C.J. Wells 0-0: Foul Ball, location: 2F
0-1: Ball
1-1: Swinging Strike
1-2: Strikes out looking
Bottom of the 1st over - 0 runs, 0 hits, 0 errors, 0 left on base; Spokane 0 - Aberdeen 0
TOP OF THE 2ND
Spokane Indians batting - Pitching for Aberdeen Ironbirds : RHP Zhao-jun Zong
Batting: RHB Salvador Caldera 0-0: Called Strike
0-1: Fly out, F6 (Line Drive, 6M, EV 64.4 MPH)
Batting: RHB Mike Strey 0-0: Called Strike
0-1: Foul Ball, location: 2F
0-2: Ball
1-2: Foul Ball, location: 2F
1-2: Strikes out looking
Batting: RHB Gabe Almazan 0-0: Ball
1-0: Ground out 6-3 (Groundball, 56, EV 84.4 MPH)
Top of the 2nd over - 0 runs, 0 hits, 0 errors, 0 left on base; Spokane 0 - Aberdeen 0
BOTTOM OF THE 2ND
Aberdeen Ironbirds batting - Pitching for Spokane Indians : RHP Brian Ramirez
Batting: RHB Juan Eyrich 0-0: Swinging Strike
0-1: Foul Ball, location: 2F
0-2: Ball
1-2: Strikes out swinging
Batting: RHB Dou-wan Pan 0-0: Ball
1-0: Foul Ball, location: 2F
1-1: Reached via error on a dropped throw from 1B, E1 (Groundball, 34, EV 81.2 MPH)
Batting: LHB Robert Ortiz 0-0: Ball
1-0: SINGLE (Groundball, 34D, EV 106.2 MPH)
Dou-wan Pan to second
Runner from 2nd tries for 3rd, SAFE, throw by RF made to third
Batting: LHB Ivan Alvarez 0-0: Ball
1-0: Called Strike
1-1: Ball
2-1: Swinging Strike
2-2: Foul Ball, location: 2F
2-2: Strikes out looking
Batting: RHB Jeff Parlo 0-0: Called Strike
0-1: Swinging Strike
0-2: Ball
1-2: Ground out 4-3 (Groundball, 34S, EV 80.6 MPH)
Bottom of the 2nd over - 0 runs, 1 hit, 1 error, 2 left on base; Spokane 0 - Aberdeen 0
TOP OF THE 3RD
Spokane Indians batting - Pitching for Aberdeen Ironbirds : RHP Zhao-jun Zong
Batting: RHB Rich Thurman 0-0: Ball
1-0: Ball
2-0: Foul Ball, location: 2F
2-1: Ball
3-1: Called Strike
3-2: Strikes out swinging
Batting: RHB Antonio Morado 0-0: Called Strike
0-1: Foul Ball, location: 2F
0-2: Ball
1-2: Ball
2-2: Ground out 4-3 (Groundball, 4, EV 83.1 MPH)
Batting: RHB Matthew Starr 0-0: Called Strike
0-1: Swinging Strike
0-2: Strikes out looking
Top of the 3rd over - 0 runs, 0 hits, 0 errors, 0 left on base; Spokane 0 - Aberdeen 0
BOTTOM OF THE 3RD
Aberdeen Ironbirds batting - Pitching for Spokane Indians : RHP Brian Ramirez
Batting: RHB Willie Carmona 0-0: Ground out 6-3 (Groundball, 6, EV 90.6 MPH)
Batting: LHB Chris Cohen 0-0: Ball
1-0: Ball
2-0: Called Strike
2-1: Ground out 4-3 (Groundball, 34D, EV 101.9 MPH)
Batting: LHB Xue-liang Zhou 0-0: Hit by Pitch
Batting: RHB C.J. Wells 0-0: Called Strike
0-1: Ball
1-1: Fielders Choice at 2nd, 6-4 (Groundball, 6, EV 98.1 MPH)
Bottom of the 3rd over - 0 runs, 0 hits, 0 errors, 1 left on base; Spokane 0 - Aberdeen 0
TOP OF THE 4TH
Spokane Indians batting - Pitching for Aberdeen Ironbirds : RHP Zhao-jun Zong
Batting: RHB Dale Aubrey 0-0: Ball
1-0: Called Strike
1-1: Ball
2-1: Foul Ball, location: 2F
2-2: Ball
3-2: Base on Balls
Batting: LHB Matt Patnaude 0-0: Called Strike
Dale Aubrey is caught stealing 2nd base 2-6
0-1: Foul Ball, location: 2F
0-2: Ball
1-2: Strikes out looking
Batting: RHB Victor Moya 0-0: SINGLE (Groundball, 6MD, EV 100.0 MPH)
Batting: RHB Salvador Caldera 0-0: Ball
Victor Moya steals 2nd base (no throw)
1-0: Ball
2-0: SINGLE (Line Drive, 9S, EV 109.4 MPH)
Victor Moya to third
Runner from 3rd tries for Home, SAFE, throw by RF to home
Salvador Caldera to second
Batting: RHB Mike Strey 0-0: Called Strike
0-1: Ball
1-1: Called Strike
1-2: Foul Ball, location: 2F
1-2: Strikes out swinging
Top of the 4th over - 1 run, 2 hits, 0 errors, 1 left on base; Spokane 1 - Aberdeen 0
BOTTOM OF THE 4TH
Aberdeen Ironbirds batting - Pitching for Spokane Indians : RHP Brian Ramirez
Batting: RHB Juan Eyrich 0-0: Called Strike
0-1: Ball
1-1: Ball
2-1: Foul Ball, location: 2F
2-2: Strikes out swinging
Batting: RHB Dou-wan Pan 0-0: Foul Ball, location: 2F
0-1: Ball
1-1: Foul Ball, location: 2F
1-2: Ball
2-2: Foul Ball, location: 2F
2-2: Ball
3-2: Strikes out swinging
Batting: LHB Robert Ortiz 0-0: Called Strike
0-1: Ball
1-1: Swinging Strike
1-2: Foul Ball, location: 2F
1-2: Strikes out looking
Bottom of the 4th over - 0 runs, 0 hits, 0 errors, 0 left on base; Spokane 1 - Aberdeen 0
TOP OF THE 5TH
Spokane Indians batting - Pitching for Aberdeen Ironbirds : RHP Zhao-jun Zong
Batting: RHB Gabe Almazan 0-0: Foul Ball, location: 2F
0-1: Ball
1-1: SINGLE (Groundball, 5L, EV 102.5 MPH)
Batting: RHB Rich Thurman 0-0: Ball
1-0: Called Strike
1-1: Swinging Strike
1-2: Ball
2-2: Fielders Choice at 2nd, 5-4 (Groundball, 56S, EV 76.9 MPH)
Batting: RHB Antonio Morado 0-0: Called Strike
0-1: Called Strike
0-2: Fly out, F7 (Flyball, 7S, EV 90.0 MPH)
Batting: RHB Matthew Starr 0-0: Called Strike
0-1: Ball
1-1: Ball
Rich Thurman steals 2nd base
2-1: Swinging Strike
2-2: Foul Ball, location: 2F
2-2: Strikes out looking
Top of the 5th over - 0 runs, 1 hit, 0 errors, 1 left on base; Spokane 1 - Aberdeen 0
BOTTOM OF THE 5TH
Aberdeen Ironbirds batting - Pitching for Spokane Indians : RHP Brian Ramirez
Batting: LHB Ivan Alvarez 0-0: Called Strike
0-1: Called Strike
0-2: Ball
1-2: Strikes out swinging
Batting: RHB Jeff Parlo 0-0: Called Strike
0-1: Foul Ball, location: 2F
0-2: Ball
1-2: Strikes out swinging
Batting: RHB Willie Carmona 0-0: Ball
1-0: Called Strike
1-1: Ball
2-1: Called Strike
2-2: Foul Ball, location: 2F
2-2: Strikes out swinging
Bottom of the 5th over - 0 runs, 0 hits, 0 errors, 0 left on base; Spokane 1 - Aberdeen 0
TOP OF THE 6TH
Spokane Indians batting - Pitching for Aberdeen Ironbirds : RHP Zhao-jun Zong
Pitching: RHP Joe Sloboda
Batting: RHB Dale Aubrey 0-0: Ball
1-0: Ball
2-0: Swinging Strike
2-1: Ball
3-1: Base on Balls
Batting: LHB Matt Patnaude 0-0: Ball
Dale Aubrey is caught stealing 2nd base 2-6
1-0: Swinging Strike
1-1: Ground out 4-3 (Groundball, 34, EV 78.1 MPH)
Batting: RHB Victor Moya 0-0: Ball
1-0: Ball
2-0: Foul Ball, location: 2F
2-1: Foul Ball, location: 2F
2-2: SINGLE (Flyball, 3D, EV 90.6 MPH)
Batting: RHB Salvador Caldera 0-0: Ball
1-0: Ball
2-0: Called Strike
Victor Moya steals 2nd base (no throw)
2-1: Foul Ball, location: 2F
2-2: Foul Ball, location: 2F
2-2: Foul Ball, location: 2F
2-2: Ball
3-2: DOUBLE (Popup, 4MD, EV 51.2 MPH)
Victor Moya scores
Batting: RHB Mike Strey 0-0: Ball
1-0: Ball
2-0: Ball
3-0: Base on Balls
Batting: RHB Gabe Almazan 0-0: Foul Ball, location: 2F
0-1: Swinging Strike
0-2: Fly out, F7 (Flyball, 78D, EV 104.4 MPH)
Top of the 6th over - 1 run, 2 hits, 0 errors, 2 left on base; Spokane 2 - Aberdeen 0
BOTTOM OF THE 6TH
Aberdeen Ironbirds batting - Pitching for Spokane Indians : RHP Brian Ramirez
Batting: LHB Chris Cohen 0-0: Foul Ball, location: 2F
0-1: Ball
1-1: Ball
2-1: DOUBLE (Groundball, 5L, EV 105.0 MPH)
Batting: LHB Xue-liang Zhou 0-0: DOUBLE (Line Drive, 78D, EV 105.6 MPH)
Chris Cohen scores
Batting: RHB C.J. Wells 0-0: Foul Ball, location: 2F
0-1: Foul Ball, location: 2F
0-2: Strikes out swinging
Batting: RHB Juan Eyrich 0-0: Called Strike
0-1: Ground out 6-3 (Groundball, 6M, EV 105.0 MPH)
Xue-liang Zhou to third
Batting: RHB Dou-wan Pan 0-0: Foul Ball, location: 2F
0-1: Swinging Strike
0-2: Ball
1-2: Fly out, F9 (Flyball, 89S, EV 75.0 MPH)
Bottom of the 6th over - 1 run, 2 hits, 0 errors, 1 left on base; Spokane 2 - Aberdeen 1
TOP OF THE 7TH
Spokane Indians batting - Pitching for Aberdeen Ironbirds : RHP Joe Sloboda
Pitching: RHP Dave Patenaude
Pinch Hitting: LHB Yasahiko Teshima 0-0: Called Strike
0-1: Ball
1-1: Ball
2-1: Ball
3-1: Foul Ball, location: 2F
3-2: Base on Balls
Batting: RHB Antonio Morado 0-0: Bunted foul
0-1: Sac Bunt to 15S - play at first, batter OUT! 1-3
Yasahiko Teshima to second
Batting: LHB Gabriel Graves 0-0: Intentional Walk
Batting: RHB Dale Aubrey 0-0: Ball
1-0: Ball
2-0: Fielders Choice at 2nd, 6-4 (Groundball, 6, EV 91.2 MPH)
Yasahiko Teshima to third
Batting: LHB Matt Patnaude 0-0: Ball
1-0: Ball
2-0: Foul Ball, location: 2F
2-1: Called Strike
2-2: SINGLE (Groundball, 34S, EV 60.6 MPH) (infield hit)
Yasahiko Teshima scores
Dale Aubrey to second
Batting: RHB Victor Moya 0-0: Called Strike
0-1: Called Strike
0-2: Foul Ball, location: 2F
0-2: Ball
1-2: SINGLE (Line Drive, 8RS, EV 98.8 MPH)
Dale Aubrey to third
Matt Patnaude to second
Throwing error, E8
Dale Aubrey scores
Matt Patnaude to third
Victor Moya to second
Batting: RHB Salvador Caldera 0-0: Ball
1-0: SINGLE (Groundball, 4D, EV 104.4 MPH)
Matt Patnaude scores
Victor Moya to third
Runner from 3rd tries for Home, SAFE, throw by CF to home
Pitching: RHP J.J. Maetzold
Batting: RHB Mike Strey 0-0: Called Strike
0-1: Fly out, F3 (Popup, 3SF, EV 77.5 MPH)
Top of the 7th over - 4 runs, 3 hits, 1 error, 1 left on base; Spokane 6 - Aberdeen 1
BOTTOM OF THE 7TH
Aberdeen Ironbirds batting - Pitching for Spokane Indians : RHP Brian Ramirez
Now at 3B: Antonio Morado
Now at SS: Brace Harper
Now in LF: Sumiki Okuhara
Batting: LHB Robert Ortiz 0-0: Ball
1-0: Ball
2-0: Called Strike
2-1: SINGLE (Groundball, 4MD, EV 96.2 MPH)
Batting: LHB Ivan Alvarez 0-0: Ball
1-0: Fielders Choice at 2nd, 3-6 (Groundball, 3, EV 93.1 MPH)
Batting: RHB Jeff Parlo 0-0: Ball
1-0: Called Strike
1-1: Ball
2-1: Called Strike
2-2: Fielders Choice at 2nd, 6-4 (Groundball, 6M, EV 97.5 MPH)
Batting: RHB Willie Carmona Pickoff Throw to First - Out! 1-3
Bottom of the 7th over - 0 runs, 1 hit, 0 errors, 0 left on base; Spokane 6 - Aberdeen 1
TOP OF THE 8TH
Spokane Indians batting - Pitching for Aberdeen Ironbirds : RHP J.J. Maetzold
Batting: RHB Gabe Almazan 0-0: Foul Ball, location: 2F
0-1: DOUBLE (Flyball, 8RXD, EV 96.2 MPH)
Batting: LHB Sumiki Okuhara 0-0: Ball
1-0: Foul Ball, location: 2F
1-1: Foul Ball, location: 2F
1-2: Ground out 5-3 (Groundball, 5, EV 94.4 MPH)
Batting: RHB Antonio Morado 0-0: Swinging Strike
0-1: Called Strike
0-2: Ball
Passed Ball!
Gabe Almazan to third
1-2: Ball
2-2: Ground out 6-3 (Groundball, 6, EV 105.0 MPH)
Gabe Almazan scores
Batting: LHB Gabriel Graves 0-0: SINGLE (Groundball, 4, EV 95.6 MPH)
Batting: RHB Dale Aubrey 0-0: Ball
1-0: Ball
2-0: Ball
3-0: Base on Balls
Gabriel Graves to second
Batting: LHB Matt Patnaude 0-0: Called Strike
0-1: Foul Ball, location: 2F
0-2: Foul Ball, location: 2F
0-2: Ball
1-2: Ball
2-2: Strikes out swinging
Top of the 8th over - 1 run, 2 hits, 0 errors, 2 left on base; Spokane 7 - Aberdeen 1
BOTTOM OF THE 8TH
Aberdeen Ironbirds batting - Pitching for Spokane Indians : RHP Brian Ramirez
Now in LF: Nick Solberg
Now in RF: Sumiki Okuhara
Batting: RHB Willie Carmona 0-0: Swinging Strike
0-1: Swinging Strike
0-2: Ball
1-2: Strikes out swinging
Batting: LHB Chris Cohen 0-0: Ball
1-0: DOUBLE (Flyball, 8RXD, EV 114.4 MPH)
Pitching: RHP Victor Nunez
Batting: LHB Xue-liang Zhou 0-0: Ball
1-0: SINGLE (Groundball, 34D, EV 106.9 MPH) (infield hit)
Chris Cohen to third
Batting: RHB C.J. Wells 0-0: Swinging Strike
0-1: Ball
1-1: Swinging Strike
1-2: Strikes out swinging
Batting: RHB Juan Eyrich 0-0: SINGLE (Groundball, 56D, EV 102.5 MPH)
Chris Cohen scores
Xue-liang Zhou to second
Batting: RHB Dou-wan Pan 0-0: Ball
1-0: Foul Ball, location: 2F
1-1: Fly out, F9 (Flyball, 9D, EV 93.1 MPH)
Bottom of the 8th over - 1 run, 3 hits, 0 errors, 2 left on base; Spokane 7 - Aberdeen 2
TOP OF THE 9TH
Spokane Indians batting - Pitching for Aberdeen Ironbirds : RHP J.J. Maetzold
Batting: RHB Victor Moya 0-0: Ball
1-0: Swinging Strike
1-1: Foul Ball, location: 2F
1-2: TRIPLE (Flyball, 89XD, EV 93.8 MPH)
Pinch Runner at 3rd Scott King:
Batting: SHB Brace Harper 0-0: Swinging Strike
0-1: Called Strike
0-2: Strikes out swinging
Batting: RHB Mike Strey 0-0: Called Strike
0-1: Fly out, F9 (Flyball, 9, EV 85.0 MPH)
Batting: RHB Gabe Almazan 0-0: Swinging Strike
0-1: 2-RUN HOME RUN (Flyball, 78XD, EV 111.9 MPH), Distance : 436 ft
Pinch Hitting: RHB Vinny Luna 0-0: Swinging Strike
0-1: Fly out, F8 (Flyball, 8LD, EV 105.6 MPH)
Top of the 9th over - 2 runs, 2 hits, 0 errors, 0 left on base; Spokane 9 - Aberdeen 2
BOTTOM OF THE 9TH
Aberdeen Ironbirds batting - Pitching for Spokane Indians : RHP Victor Nunez
Now at 1B: Scott King
Now in RF: Vinny Luna
Batting: LHB Robert Ortiz 0-0: Called Strike
0-1: Foul Ball, location: 2F
0-2: Ball
1-2: Foul Ball, location: 2F
1-2: Strikes out looking
Batting: LHB Ivan Alvarez 0-0: Called Strike
0-1: Foul Ball, location: 2F
0-2: Strikes out swinging
Batting: RHB Jeff Parlo 0-0: Ball
1-0: Ball
2-0: Swinging Strike
2-1: Fly out, F9 (Flyball, 89M, EV 89.4 MPH)
Bottom of the 9th over - 0 runs, 0 hits, 0 errors, 0 left on base; Spokane 9 - Aberdeen 2
Sunday, July 16th , 2023 - OOTP Baseball 24.6 Build 69